Map: Acropolis LE

Players

pHARM

  • Race: Zerg Zerg
  • League: Platinum
  • Spawn Location: 11:00

shoegaze - Winner!

  • Race: Protoss Protoss
  • League: Diamond
  • Spawn Location: 5:00

VOD

Have the link to the VOD?

Description

Time

  • Played on: June 29, 2019, 6:30 p.m.
  • Length: 7:14
Show
View Real Time Build Order
Export as new Build Order

pHARM Zerg 

Build Orders: Hatch First 

Get SALT Encoding   

  12  0:01  Drone  
  13  0:10  Drone  
  14  0:17  Overlord  
  14  0:35  Drone  
  14  0:36  Drone  
  16  0:52  Hatchery  
  16  0:56  Drone  
  16  0:57  Drone  
  16  1:00  Drone  
  18  1:10  Extractor  
  17  1:17  Spawning Pool  
  16  1:20  Drone  
  17  1:30  Drone  
  17  1:31  Drone  
  19  1:40  Drone  
  20  1:51  Overlord  
  20  2:07  Queen x2  
  20  2:08  Zergling x4  
  26  2:16  Drone  
  27  2:26  Drone x3  
  30  2:39  Drone x2  
  32  2:49  Drone  
  32  2:50  Drone  
  32  2:51  Hatchery  
  32  3:02  Queen  
  32  3:04  Zergling x2  
  35  3:06  Overlord  
  34  3:19  Queen  
  35  3:28  Zergling x2  
  35  3:29  Zergling x8  
  35  3:33  Zergling x4  
  42  3:38  Queen  
  39  3:52  Metabolic Boost  
  39  3:55  Queen  
  37  4:05  Drone  
  37  4:06  Drone x6  
  44  4:28  Zergling x10  
  47  4:37  Zergling x2  
  47  4:38  Zergling x6  
  46  4:50  Zergling x6  
  43  5:04  Zergling x8  
  44  5:08  Zergling x2  
  44  5:14  Zergling x8  
  44  5:21  Zergling x2  
  44  5:22  Zergling x6  
  44  5:27  Zergling x2  
  47  5:32  Zergling x2  
  47  5:34  Zergling x2  
  45  5:38  Zergling x2  
  40  5:43  Zergling x8  
  40  5:47  Zergling x4  
  40  5:48  Queen x3  
  47  5:54  Zergling x2  
  45  5:58  Zergling x2  
  45  5:59  Zergling x2  
  46  6:04  Zergling x2  
  46  6:09  Zergling x4  
  49  6:16  Overlord x2  
  49  6:34  Queen x2  
  53  6:49  Zergling x18  
Show
View Real Time Build Order
Export as new Build Order

shoegaze Protoss - Winner!

Build Orders:  

Get SALT Encoding   

  12  0:08  Probe  
  13  0:16  Probe, Pylon  
  14  0:24  Probe  
  15  0:39  Gateway  
  15  0:40  Probe  
  16  0:51  Gateway  
  16  0:54  Probe  
  17  1:05  Probe  
  17  1:06  Gateway  
  18  1:13  Probe  
  19  1:23  Probe  
  19  1:27  Cybernetics Core  
  19  1:31  Assimilator  
  20  1:35  Assimilator  
  20  1:46  Pylon  
  20  1:47  Pylon  
  20  1:57  Probe  
  21  2:06  Adept  
  21  2:07  Adept  
  25  2:11  Probe, Adept  
  28  2:19  Probe  
  29  2:30  Warp Gate  
  29  2:36  Adept  
  31  2:37  Adept  
  33  2:48  Adept  
  36  2:51  Probe  
  36  2:55  Pylon  
  36  3:07  Adept  
  38  3:13  Adept  
  40  3:31  Stalker  
  42  3:37  Stalker  
  44  3:43  Stalker  
  46  4:01  Stalker  
  46  4:04  Probe  
  47  4:13  Pylon  
  47  4:31  Stalker x3  
  51  5:01  Stalker x2  
  51  5:04  Stalker  
  51  5:17  Pylon  
  51  5:19  Pylon  
  51  5:25  Stalker x2  
  51  5:26  Pylon  
  51  5:27  Stalker  
  46  6:07  Zealot  
  46  6:08  Zealot x2  
  52  6:15  Probe  
  53  6:23  Nexus  
  53  6:26  Zealot  
  53  6:28  Zealot x2  
  59  6:42  Zealot  
  55  7:11  Stalker x3  
Tags
 
Matchup
PvZ
Replay Pack
10.7.19
Spawn Locations
Cross Positions
Add a new tag
Caveats
  • Supply blocks, unpowered buildings, or Contaminate may cause inaccurate times.
  • Supply counts are checked every 10 seconds.